 Dungeon Crawl Stone Soup version 0.31-a0-818-ge7c7cf74f0 (webtiles) character file.

Game seed: 14269565148670138358

9 Essalna the Digger (level 2, 19/19 HPs)
             Began as a Demonspawn Earth Elementalist on Sept 23, 2023.
             Got out of the dungeon alive.
             The game lasted 00:00:37 (447 turns).

Essalna the Digger (Demonspawn Earth Elementalist)   Turns: 447, Time: 00:00:37

Health: 19/19      AC:  2    Str:  8    XL:     2   Next: 3%
Magic:  5/5        EV: 12    Int: 16    God:
Gold:   3          SH:  0    Dex: 19    Spells: 4/5 levels left

rFire   . . .        (no weapon)
rCold   + . .        (no shield)
rNeg    . . .        a - +0 robe
rPois   .            (helmet restricted)
rElec   .            (no cloak)
rCorr   .            (no gloves)
SInv    .            (no boots)
Will    .....        (no amulet)
Stlth   ++           c - +6 ring of dexterity
HPRegen 0.23/turn    f - ring of protection from cold
MPRegen 0.09/turn

%: no passive effects
@: no status effects
A: horns 1
a: no special abilities


You escaped.
You visited 1 branch of the dungeon, and saw 1 of its levels.

You collected 3 gold pieces.

Inventory:

Armour
 a - a +0 robe (worn)
Jewellery
 c - a +6 ring of dexterity (left hand)
 f - a ring of protection from cold (right hand)
Scrolls
 e - a scroll of fear {unknown}
 g - 3 scrolls of identify {unknown}
Potions
 b - a potion of magic
 d - 2 potions of degeneration {unknown}


   Skills:
 - Level 1.7 Dodging
 - Level 1.7 Stealth
 + Level 2.3 Spellcasting
 - Level 0.8 Transmutations
 + Level 3.0 Earth Magic


You had 4 spell levels left.
You knew the following spells:

 Your Spells              Type           Power      Damage    Failure   Level
a - Sandblast             Erth           22%        2d7       6%          1

Your spell library contained the following spells:

 Spells                   Type           Power      Damage    Failure   Level
 Passwall                 Tmut/Erth      6%         N/A       14%         2
 Stone Arrow              Conj/Erth      12%        3d7       32%         3
 Petrify                  Tmut/Erth      8%         N/A       65%         4
 Brom's Barrelling Bould  Conj/Erth      6%         2d3       71%         4


Dungeon Overview and Level Annotations

Branches:
Dungeon (1/15)

Altars:


Innate Abilities, Weirdness & Mutations

You have a pair of small horns on your head.


Message History

f - a ring of protection from cold (right hand) Key pressed, stopping explore.
g - 3 scrolls labelled ICALEPILEM Key pressed, stopping explore.
Key pressed, stopping explore.
A bat comes into view.
A bat is nearby!
A bat is nearby!
A bat is nearby!
You can't see any susceptible monsters within range! (Use Z to cast anyway.)
Found a brown potion.
You can't see any susceptible monsters within range! (Use Z to cast anyway.)
You can't see any susceptible monsters within range! (Use Z to cast anyway.)
The blast of sand hits the bat!
You kill the bat!
Your Earth Magic skill increases to level 3!
No target in view!
You can't see any susceptible monsters within range! (Use Z to cast anyway.) No target in view!
You can't see any susceptible monsters within range! (Use Z to cast anyway.)
A quokka comes into view.
A quokka is nearby!
A quokka is nearby!
A quokka is nearby!
You can't see any susceptible monsters within range! (Use Z to cast anyway.)
The blast of sand hits the quokka.
You kill the quokka!
You have reached level 2!
Your demonic ancestry asserts itself...
A pair of horns grows on your head!
d - 2 brown potions (gained 1) Key pressed, stopping explore.
The great orb of eyes turns its gaze towards you.
The eye of devastation turns its gaze towards you.
Key pressed, stopping explore.
The floating eye turns its gaze towards you.
You see here a bat skeleton.
There is a dry fountain here.
There is a staircase leading out of the dungeon here.
You have escaped!

# ................###
#.####.####.##...####
#...##...###..#..
#.⌠.##.⌠.# ##.#.#
#...##...####.#. #
##.####.###...#.#
####.####.####.###.⌠.#..
.....................#.#
.......@.........##.##..
.....................#..
####.####.####.###.⌠.#.#
# # ##.####.###...#.# #
#...##...####.#.# # #
#.⌠.##.⌠.# ##.#.# ## #.
#...##...###..#.# .#
####.####.####.#....##..
.#
..................####.#


There were no monsters in sight!

Vanquished Creatures
  A ball python (D:1)
  3 bats (D:1)
  A hobgoblin (D:1)
  A kobold (D:1)
  A quokka (D:1)
7 creatures vanquished.

Notes
Turn   | Place    | Note
-------+----------+-------------------------------------------
     0 | D:1      | Essalna the Demonspawn Earth Elementalist began the quest
                  | for the Orb.
     0 | D:1      | Reached XP level 1. HP: 13/13 MP: 3/3
    55 | D:1      | Noticed a great orb of eyes
    57 | D:1      | Found a faded altar of an unknown god.
    75 | D:1      | Noticed a great orb of eyes
    79 | D:1      | Noticed a floating eye
    79 | D:1      | Noticed an eye of devastation
   350 | D:1      | Reached skill level 3 in Earth Magic
   364 | D:1      | Gained mutation: You have a pair of small horns on your
                  | head. [demonic ancestry]
   364 | D:1      | Reached XP level 2. HP: 19/19 MP: 3/5
   447 | D:$      | Got out of the dungeon alive.

Illustrated notes

Levels and vault maps discovered:
D:1:      dpeg_arrival_chambers_temple_mockup, layout_basic,
          hellmonk_ecumenical_altar_watching_god

Skill      XL: |  1 |
---------------+----+-----
Earth Magic    | 3 |  3.0
Dodging        | |  1.7
Stealth        | |  1.7
Spellcasting   | |  2.3
Transmutations | |  0.8

Action                     || total
---------------------------++-------
   Cast: Sandblast         ||     7

Table legend: (Time is in decaauts)
 A = Elapsed time spent in this place.
 B = Non-inter-level travel time spent in this place.
 C = Inter-level travel time spent in this place.
 D = Time resting spent in this place.
 E = Time spent auto-exploring this place.
 F = Levels seen in this place.
 G = Mean time per level.
                   A        B        C        D        E       F      G
               +--------+--------+--------+--------+--------+-----+--------+
         Total |    449 |    422 |     27 |      0 |    374 |   1 |  449.0 |
       Dungeon |    449 |    422 |     27 |      0 |    374 |   1 |  449.0 |
               +--------+--------+--------+--------+--------+-----+--------+

Top non-repeatable levels by time:
     D:1: 449 daAuts
